 Dungeon Crawl Stone Soup version 0.30-a0-219-gf2db51d15e (webtiles) character file.

Game seed: 17428970974413193360

3314 Pooter the Spear-Bearer (level 9, -11/121 HPs)
             Began as a Minotaur Berserker on Oct 7, 2022.
             Was a Priest of Trog.
             Mangled by an orc warlord
             ... wielding a +4 broad axe
              (16 damage)
             ... in a bailey.
             The game lasted 00:35:41 (6734 turns).

Pooter the Spear-Bearer (Minotaur Berserker)        Turns: 6734, Time: 00:35:41

Health: -11/121    AC: 10    Str: 25    XL:     9   Next: 70%
Magic:  8/8        EV:  8    Int:  4    God:    Trog [***...]
Gold:   298        SH:  0    Dex: 11    Spells: 8/8 levels left

rFire   . . .      SeeInvis +    a - +3 war axe (spect)
rCold   + . .      Faith    .    g - orb {mayhem}
rNeg    . . .      Spirit   .    E - +1 chain mail {Will+}
rPois   .          Reflect  .    (helmet restricted)
rElec   .          Harm     .    (no cloak)
rCorr   .          Rampage  .    (no gloves)
Will    +++..                    r - +0 pair of boots
Stlth   ..........               (no amulet)
HPRegen 1.40/turn                I - ring of protection from cold
MPRegen 0.11/turn                S - ring of see invisible

@: berserking, strong-willed, regenerating, very quick
A: horns 2, retaliatory headbutt
a: Renounce Religion, Berserk, Trog's Hand


You were in a bailey.
You worshipped Trog.
Trog was most pleased with you.
You visited 1 branch of the dungeon, and saw 7 of its levels.
You also visited: Bailey.

You collected 364 gold pieces.
You spent 66 gold pieces at shops.

Inventory:

Hand Weapons
 a - a +3 spectral war axe (weapon)
   (You took it off an orc warrior in a bailey)
 b - a +0 sling
   (You found it on level 2 of the Dungeon)
 k - a +0 halberd
   (You took it off a gnoll on level 7 of the Dungeon)
 G - a +1 hand axe of electrocution
   (You found it on level 6 of the Dungeon)
 J - the +10 spear "Giantbane" {protect, rCorr}
   (You found it on level 2 of the Dungeon)

   It grants its wielder temporary protection when it strikes (+7 to AC).
   rCorr:     It protects you from acid and corrosion.
Missiles
 m - 15 poisoned darts
 o - a throwing net {!f}
 B - 5 atropa-tipped darts
 H - 24 boomerangs (quivered)
 Q - 54 stones
Armour
 g - an orb of mayhem (worn)
   (You found it on level 1 of the Dungeon)
 r - a +0 pair of boots (worn)
   (You found it on level 2 of the Dungeon)
 E - a +1 chain mail of willpower (worn)
   (You took it off an orc on level 6 of the Dungeon)
Jewellery
 I - a ring of protection from cold (left hand)
   (You found it on level 2 of the Dungeon)
 S - a ring of see invisible (right hand)
   (You found it on level 2 of the Dungeon)
Wands
 f - a wand of flame (34)
   (You found it on level 2 of the Dungeon)
 s - a wand of roots (13)
   (You took it off Robin on level 3 of the Dungeon)
 D - a wand of digging (3)
   (You took it off Ijyb on level 3 of the Dungeon)
Scrolls
 d - 4 scrolls of magic mapping {unknown}
 e - a scroll of silence
 i - a scroll of poison {unknown}
 j - a scroll of amnesia {unknown}
 l - 2 scrolls of blinking {unknown}
 q - a scroll of immolation {!r}
 t - 4 scrolls of teleportation {@r4}
 v - 2 scrolls of butterflies
 w - a scroll of torment {!r}
 y - a scroll of fear {unknown}
 A - a scroll of noise {!r}
 F - 6 scrolls of enchant armour {unknown}
Potions
 c - a potion of curing {@q1}
 h - 2 potions of heal wounds {unknown}
 n - 2 potions of ambrosia {unknown}
 p - 2 potions of resistance {unknown}
 u - a potion of attraction {unknown}
 z - 2 potions of mutation {unknown}
 C - a potion of berserk rage {unknown}
 K - a potion of invisibility {unknown}


   Skills:
 + Level 7.9 Fighting
 + Level 5.1(7.7) Axes
 * Level 8.9(9.5) Polearms
 * Level 8.5 Ranged Weapons
 - Level 2.4 Armour
 - Level 2.1 Dodging
 + Level 4.7 Evocations


You had 8 spell levels left.
You didn't know any spells.
Your spell library was empty.

Dungeon Overview and Level Annotations

Branches:
Dungeon (7/15)             Temple (0/1) D:4          Bailey (1/1)

Altars:
Ashenzari
Elyvilon
Hepliaklqana
Nemelex Xobeh
Qazlal
Trog

Shops:
D:4 *

Portals:
Abyss: D:5


Innate Abilities, Weirdness & Mutations

You have a pair of horns on your head.
You reflexively headbutt those who attack you in melee.


Message History

Your skin crawls.
You feel strong-willed.
You can no longer call in reinforcements.
The orc warlord sings a few bars from the Orcish anthem.
A red film seems to cover your vision as you go berserk!
You feel yourself moving faster!
You feel mighty!
The gate flies open with a bang!
You feel a strong urge to attack something.
You hit the orc warlord.
Your +3 spectral war axe hits the orc warlord.
You slash the orc warlord! You headbutt the orc warlord! You slash the gnoll!
Your +3 spectral war axe barely misses the gnoll.
Your +3 spectral war axe hits the orc warlord!
The orc warlord hits you with a +4 broad axe!!
The orc warlord hits your +3 spectral war axe with a +4 broad axe.
Your spectral weapon shares its damage with you!
The gnoll hits you but does no damage.
The gnoll barely misses your +3 spectral war axe.
You slash the orc warlord! Your headbutt misses the orc warlord.
You hit the gnoll.
Your +3 spectral war axe hits the gnoll!
You feel the power of Trog in you as your rage grows.
You kill the gnoll!
Trog accepts your kill.
The orc warlord flies into a frenzy!
Your +3 spectral war axe hits the orc warlord!
The orc warlord hits you with a +4 broad axe!
The orc warlord completely misses your +3 spectral war axe.
You catch the helpless orc warlord completely off-guard!
You slash the orc warlord! You headbutt the orc warlord!!
Your +3 spectral war axe closely misses the orc warlord.
The orc warlord hits you with a +4 broad axe!!!
* * * LOW HITPOINT WARNING * * *
The orc warlord closely misses your +3 spectral war axe.
You closely miss the orc warlord.
Your +3 spectral war axe hits the orc warlord!!
The orc warlord completely misses you.
The orc warlord hits your +3 spectral war axe with a +4 broad axe!
Your spectral weapon shares its damage with you!
* * * LOW HITPOINT WARNING * * *
You slash the orc warlord!
Your +3 spectral war axe hits the orc warlord!
The orc warlord hits you with a +4 broad axe!!
* * * LOW HITPOINT WARNING * * *
The orc warlord hits your +3 spectral war axe with a +4 broad axe!
Your spectral weapon shares its damage with you!
Your +3 spectral war axe fades away.
* * * LOW HITPOINT WARNING * * *
The orc warlord hits you with a +4 broad axe!
You die...

♣∩...~~~.#~....∩....~#.~~~...∩♣
♣♣...~~~.#~.........~#.~~~...♣♣
♣...)~~.#~~.8...8.~~#†~~~...♣
♣♣..###'###.......###)###..♣♣
♣.##....#~.8...8.~#.)..##.♣
♣##.....#~~~~~~~~~#.....##♣
##......####~~~####..)...##
#...8......#)o§#....).8...#
#............@.)..........#
#.........................#
##..8..8...........8..8..##
##.......#######.......##
##.....## ##.....## ##...##
##...## ##### #####


You could see a neutral orc warlord (fast, strong, insane).

Vanquished Creatures
  The ghost of Juicyj the Stinger, a novice DrVM (D:5)
  A troll (D:6)
  A wyvern (D:7)
  Eustachio (D:4)
  A steam dragon (D:6)
  A water moccasin (D:6)
  Duvessa (D:4)
  An ice beast (D:6)
  2 small abominations (D:5)
  4 orc warriors (Bailey)
  3 ogres
  A phantom (D:6)
  A kobold brigand (D:7)
  2 bullfrogs (D:6)
  A scorpion (D:6)
  Dowan (D:4)
  A howler monkey (D:6)
  A crimson imp (D:5)
  An orc priest (D:6)
  A jelly (D:6)
  Ijyb (D:3)
  Terence (D:2)
  A gnoll bouda (D:6)
  3 iguanas
  An orc wizard (D:5)
  Natasha (D:3)
  Robin (D:3)
  11 adders
  6 gnolls
  A shadow imp (D:6)
  A white imp (D:6)
  An ufetubus (D:6)
  2 worms (D:2)
  A dart slug (D:1)
  11 orcs
  8 ball pythons
  5 endoplasms
  3 giant cockroaches
  16 goblins
  12 hobgoblins
  3 jackals (D:1)
  3 quokkas
  6 bats
  4 frilled lizards (D:2)
  13 kobolds
  9 rats
152 creatures vanquished.

Vanquished Creatures (collateral kills)
  Sigmund (D:3)
  A hound (D:7)
  2 orcs (D:6)
  4 goblins (D:3)
  A quokka (D:5)
  3 kobolds
12 creatures vanquished.

Vanquished Creatures (others)
  A black bear (D:5)
  2 orcs (D:6)
  An endoplasm (D:2)
  2 goblins (D:3)
  A kobold (Bailey)
7 creatures vanquished.

Grand Total: 171 creatures vanquished

Notes
Turn   | Place    | Note
-------+----------+-------------------------------------------
     0 | D:1      | Pooter the Minotaur Berserker began the quest for the Orb.
     0 | D:1      | Reached XP level 1. HP: 19/19 MP: 0/0
   124 | D:1      | Reached XP level 2. HP: 26/27 MP: 1/1
   977 | D:2      | Reached ** piety under Trog
  1031 | D:2      | Reached XP level 3. HP: 34/34 MP: 2/2
  1381 | D:2      | Reached skill level 1 in Ranged Weapons
  1462 | D:2      | Found a broken altar of Ashenzari.
  1462 | D:2      | Noticed Terence
  1472 | D:2      | Killed Terence
  1473 | D:2      | Reached XP level 4. HP: 41/41 MP: 3/3
  1721 | D:2      | Identified the +10 spear "Giantbane" {protect, rCorr}
  1849 | D:2      | You fall into a shaft and drop 1 floor!
  2193 | D:3      | Noticed Robin
  2199 | D:3      | Noticed Sigmund
  2203 | D:3      | Reached skill level 1 in Evocations
  2205 | D:3      | Killed Sigmund
  2206 | D:3      | Reached skill level 5 in Fighting
  2206 | D:3      | Reached XP level 5. HP: 48/48 MP: 4/4
  2206 | D:3      | Reached XP level 6. HP: 56/56 MP: 5/5
  2211 | D:3      | Killed Robin
  2313 | D:3      | Noticed Ijyb
  2318 | D:3      | Killed Ijyb
  2491 | D:3      | Noticed Natasha
  2497 | D:3      | Killed Natasha
  2497 | D:3      | Reached *** piety under Trog
  2534 | D:3      | Found a hazy altar of Hepliaklqana.
  2772 | D:4      | Noticed Eustachio
  2783 | D:4      | Killed Eustachio
  2842 | D:4      | Found a staircase to the Ecumenical Temple.
  2951 | D:4      | Found a sparkling altar of Nemelex Xobeh.
  2953 | D:4      | Found a bloodstained altar of Trog.
  2991 | D:4      | Noticed Duvessa
  2991 | D:4      | Noticed Dowan
  3001 | D:4      | Killed Duvessa
  3002 | D:4      | Reached XP level 7. HP: 59/61 MP: 6/6
  3004 | D:4      | Killed Dowan
  3115 | D:4      | Found Amoiteiph's CLEARANCE SALE!.
  3120 | D:4      | Bought a scroll of silence for 66 gold pieces
  3570 | D:5      | Entered Level 5 of the Dungeon
  3802 | D:5      | Noticed Juicyj's ghost (novice DrVM)
  3803 | D:5      | Found a one-way gate to the infinite horrors of the Abyss.
  3926 | D:5      | Found a transporter.
  3933 | D:5      | Found a transporter.
  3959 | D:5      | Reached skill level 5 in Polearms
  3959 | D:5      | Reached skill level 5 in Ranged Weapons
  4271 | D:5      | Reached XP level 8. HP: 50/70 MP: 7/7
  4424 | D:5      | Killed Juicyj's ghost
  4433 | D:5      | HP: 3/71 [poisoned by Juicyj's ghost]
  4752 | D:6      | Noticed a troll
  4760 | D:6      | Killed a troll
  4807 | D:6      | Found a stormy altar of Qazlal.
  5008 | D:6      | Found a white marble altar of Elyvilon.
  5030 | D:6      | Reached XP level 9. HP: 79/79 MP: 8/8
  5571 | D:6      | Identified the +1 scale mail of Jorupeol {rPois Int+3
                  | Stlth+}
  6179 | D:7      | Found a flagged portal.
  6200 | Bailey   | Entered a bailey
  6214 | Bailey   | Noticed an orc warlord
  6252 | Bailey   | Reached **** piety under Trog
  6531 | Bailey   | Reached skill level 5 in Axes
  6596 | Bailey   | Found a runed translucent gate.
  6608 | Bailey   | Found a runed translucent gate.
  6613 | Bailey   | Found a runed translucent gate.
  6734 | Bailey   | HP: 5/121 [orc warlord/+4 broad axe (8)]
  6734 | Bailey   | Mangled by an orc warlord

Illustrated notes

Levels and vault maps discovered:
D:1:      minmay_arrival_stone_box, layout_loops_ring
D:2:      minmay_razor_zed, layout_basic, basic_altar, nrook_mini_backslash,
          uniq_terence
D:3:      layout_loops_ring, nzn_hepliaklqana_mist_gate, uniq_robin,
          uniq_natasha, uniq_sigmund, uniq_ijyb
D:4:      layout_loops_ring, nicolae_overflow_hidden_temple,
          minmay_temple_entry_arrows, nicolae_shop_clearance, uniq_eustachio,
          uniq_duvessa
D:5:      layout_loops_cross, gammafunk_ghost_abyssal_escape
D:6:      layout_gridville, grunt_qazlal_clouds, elyvilon_altar_1,
          grunt_ministairs_14, glass_columns_c
D:7:      layout_gridville, serial_shops, nicolae_inconvenience_store,
          enter_bailey_5
Bailey:   bailey_axe_bossmonster_kennysheep, bailey

Skill      XL: |  1  2  3  4  5  6  7  8  9 |
---------------+----------------------------+-----
Fighting       | 4 5 6 7 |  7.9
Axes           | 4 5 |  5.1
Ranged Weapons | 1 3 4 5 7 8 |  8.5
Evocations     | 1 2 3 4 |  4.7
Polearms       | 2 4 5 7 8 |  8.9
Armour         | |  2.4
Dodging        | |  2.1

Action                   |  1- 3 |  4- 6 |  7- 9 || total
-------------------------+-------+-------+-------++-------
Melee: Hand axe          |    68 |     8 |       ||    76
       Headbutt          |    11 |     4 |    27 ||    42
       Spear             |       |    54 |   203 ||   257
       War axe           |       |       |     6 ||     6
 Fire: Sling             |    13 |    12 |    29 ||    54
Throw: Dart              |     4 |     1 |     3 ||     8
       Boomerang         |       |       |    30 ||    30
Invok: Berserk           |     3 |     1 |     3 ||     7
       Trog's Hand       |       |       |     6 ||     6
Evoke: Wand              |       |     4 |     4 ||     8
  Use: Scroll            |     1 |     4 |     8 ||    13
       Potion            |       |       |     4 ||     4
 Stab: Distracted        |       |       |     1 ||     1
Armor: Animal skin       |    15 |       |       ||    15
       Scale mail        |       |    26 |       ||    26
       Chain mail        |       |       |    90 ||    90
Dodge: Dodged            |    43 |    17 |    61 ||   121

Table legend: (Time is in decaauts)
 A = Elapsed time spent in this place.
 B = Non-inter-level travel time spent in this place.
 C = Inter-level travel time spent in this place.
 D = Time resting spent in this place.
 E = Time spent auto-exploring this place.
 F = Levels seen in this place.
 G = Mean time per level.
                   A        B        C        D        E       F      G
               +--------+--------+--------+--------+--------+-----+--------+
         Total |   6750 |   6611 |    139 |   1299 |   3946 |   8 |  843.8 |
       Dungeon |   6209 |   6070 |    139 |   1071 |   3812 |   7 |  887.0 |
        Bailey |    541 |    541 |      0 |    228 |    134 |   1 |  541.0 |
               +--------+--------+--------+--------+--------+-----+--------+

Top non-repeatable levels by time:
     D:2: 1433 daAuts
     D:6: 1154 daAuts
     D:5: 1116 daAuts
     D:4: 880 daAuts
     D:1: 760 daAuts
  Bailey: 541 daAuts
     D:3: 533 daAuts
     D:7: 330 daAuts
